 Dungeon Crawl Stone Soup version 0.26.1-11-gd32895ea62 (webtiles) character file.

Game seed: 4728802698984167214

384 Lisafication the Ruffian (level 6, -4/61 HPs)
             Began as a Troll Berserker on May 17, 2021.
             Was a Priest of Trog.
             Shot with an arrow by a centaur (8 damage)
             ... on level 6 of the Dungeon.
             The game lasted 00:17:22 (3371 turns).

Lisafication the Ruffian (Troll Berserker)          Turns: 3371, Time: 00:17:22

Health: -4/61      AC:  6    Str: 26    XL:     6   Next: 47%
Magic:  5/5        EV: 10    Int:  3    God:    Trog [***...]
Gold:   187        SH:  0    Dex: 11    Spells: 5/5 levels left

rFire    . . .     SeeInvis .     - Unarmed
rCold    . . .     Faith    .   (no shield)
rNeg     . . .     Spirit   .   a - +0 animal skin
rPois    +         Reflect  .   (helmet restricted)
rElec    .         Harm     .   (no cloak)
rCorr    .         Rampage  .   (gloves unavailable)
Will     +++..                  (boots unavailable)
Stlth    +.........             z - amulet of regeneration
HPRegen  2.00/turn              k - ring of willpower
MPRegen  0.09/turn              u - ring of poison resistance

@: regenerating (expiring)
A: large, unfitting armour, claws 3, regeneration 1, shaggy fur 1, tough skin 3
a: Renounce Religion, Berserk, Trog's Hand


You were on level 6 of the Dungeon.
You worshipped Trog.
Trog was most pleased with you.
You visited 1 branch of the dungeon, and saw 6 of its levels.

You collected 250 gold pieces.
You spent 63 gold pieces at shops.

Inventory:

Hand Weapons
 s - a +0 hand axe of flaming
 w - a +2 quarterstaff of chaos
Missiles
 h - 59 stones (quivered)
Armour
 a - a +0 animal skin (worn)
 x - a +0 cloak
 y - a +0 cloak
Jewellery
 k - a ring of willpower (left claw)
 u - a ring of poison resistance (right claw)
 v - an uncursed ring of magical power {unknown}
 z - an amulet of regeneration (around neck)
Scrolls
 c - 4 scrolls of identify {unknown}
 d - a scroll of enchant weapon {unknown}
 e - a scroll of noise {unknown}
 j - a scroll of immolation {unknown}
 m - 2 scrolls of fog {unknown}
 n - a scroll of amnesia {unknown}
 o - a scroll of magic mapping {unknown}
 p - a scroll of enchant armour {unknown}
 r - a scroll of teleportation {unknown}
 t - 3 scrolls of remove curse {unknown}
Potions
 b - a potion of curing {unknown}
 f - 4 potions of brilliance {unknown}
 g - 2 potions of mutation {unknown}
 i - a potion of lignification {unknown}
 l - a potion of flight {unknown}
 q - a potion of attraction {unknown}


   Skills:
 + Level 3.0 Fighting
 - Level 2.7 Dodging
 * Level 6.9 Unarmed Combat


You had 5 spell levels left.
You didn't know any spells.
Your spell library was empty.

Dungeon Overview and Level Annotations

Branches:
Dungeon (7/15)
 Temple: D:4-7

Altars:
Kikubaaqudgha
Ru
Trog

Shops:
D:4 [*


Innate Abilities, Weirdness & Mutations

You are too large for most types of armour.
You have claws for hands.
Your natural rate of healing is unusually fast.
You are covered in fur. (AC +1)
You have extremely tough skin. (AC +3)


Message History

A bullfrog comes into view.
The bullfrog gives a loud, deep croak!
The centaur shoots an arrow.
The arrow hits you!
* * * LOW HITPOINT WARNING * * *
You see here an arrow.
You feel the effects of Trog's Hand fading.
The bullfrog hits you but does no damage.
You closely miss the bullfrog.
The bullfrog hits you but does no damage.
You scratch the bullfrog.
The bullfrog is lightly wounded.
The bullfrog hits you!
* * * LOW HITPOINT WARNING * * *
The centaur shoots an arrow.
The arrow barely misses you. The bullfrog barely misses you.
You claw the bullfrog!
The bullfrog is heavily wounded.
The bullfrog closely misses you.
The centaur shoots an arrow.
The arrow hits you!
You die...

... ##... #....#
...... #......
........
##.......##
##@F..#....#
##(..###...#
#...#####..##
##..c..#....#
####.(.#...#
##((..(.# ##
###c..(# #.#
#.(.#.#####
#..##............


You could see a bullfrog and a centaur.

Vanquished Creatures
  A scorpion (D:4)
  Crazy Yiuf (D:4)
  A bullfrog skeleton (D:3)
  A hound (D:4)
  An orc wizard (D:4)
  An iguana (D:6)
  A worker ant (D:4)
  Robin (D:3)
  8 adders
  An ooze (D:4)
  An adder skeleton (D:4)
  A worm (D:2)
  A dart slug (D:1)
  5 leopard geckos
  3 orcs
  8 bats
  A giant cockroach (D:1)
  14 goblins
  4 hobgoblins
  6 jackals
  9 kobolds
  A quokka (D:2)
  4 frilled lizards
  7 rats
  3 bushes (D:3)
85 creatures vanquished.

Notes
Turn   | Place    | Note
-------+----------+-------------------------------------------
     0 | D:1      | Lisafication the Troll Berserker began the quest for the
                  | Orb.
     0 | D:1      | Reached XP level 1. HP: 22/22 MP: 0/0
    88 | D:1      | Reached XP level 2. HP: 29/29 MP: 1/1
   773 | D:2      | Reached XP level 3. HP: 36/36 MP: 2/2
   785 | D:2      | Reached ** piety under Trog
   984 | D:2      | Reached skill level 4 in Unarmed Combat
   988 | D:2      | Reached XP level 4. HP: 44/44 MP: 3/3
  1355 | D:2      | Found a bloodstained altar of Trog.
  1741 | D:3      | Found an ancient bone altar of Kikubaaqudgha.
  2062 | D:3      | Noticed Robin
  2068 | D:3      | Killed Robin
  2069 | D:3      | Reached skill level 5 in Unarmed Combat
  2118 | D:3      | Reached XP level 5. HP: 48/52 MP: 4/4
  2658 | D:4      | Found a runed translucent door.
  2659 | D:4      | Noticed Crazy Yiuf
  2669 | D:4      | Killed Crazy Yiuf
  2756 | D:4      | Found Gekide's Assorted Antiques.
  2785 | D:4      | Reached skill level 6 in Unarmed Combat
  2789 | D:4      | Reached XP level 6. HP: 28/59 MP: 5/5
  3059 | D:4      | Found Nesaeck's Armour Shoppe.
  3068 | D:4      | Bought a +0 cloak for 63 gold pieces
  3108 | D:4      | Reached *** piety under Trog
  3139 | D:4      | Found a sacrificial altar of Ru.
  3302 | D:4      | You fall into a shaft and drop 3 floors!
  3361 | D:6      | HP: 3/61 [centaur/arrow (5)]
  3370 | D:6      | HP: 2/61 [bullfrog (7)]
  3371 | D:6      | Shot with an arrow by a centaur

Illustrated notes

Levels and vault maps discovered:
D:1:      minmay_arrival_loop, layout_basic
D:2:      layout_basic, kennysheep_flooded_box
D:3:      layout_basic, kiku_gazebo_pond_becter, serial_co_window_serial,
          co_window_paths_b, co_window_paths_a, co_window_corner_a,
          co_window_paths_b, co_window_paths_b, co_window_broadway_a,
          co_window_corner_ca, co_window_unsneaky_path_a, co_window_2corner,
          co_window_cross_4, glass_columns_a, glass_columns_a, glass_columns_a,
          glass_columns_c, glass_columns_b, palyth_stone_intersect,
          serial_park_tiny_2, minmay_misc_feat_rows, uniq_robin
D:4:      layout_loops_ring, chequers_temple_overflow_statue_of_worship,
          serial_shops, shop, shop, nicolae_ru_great_annihilating_truth,
          uniq_crazy_yiuf_cottage
D:6:      layout_cave_pools, yredelemnul_forgotten_temple_becter, uniq_sigmund,
          uniq_prince_ribbit1
D:7:      layout_cave_pools, general_overflow_altar, minmay_fractal_squares_5

Skill      XL: |  1  2  3  4  5  6 |
---------------+-------------------+-----
Unarmed Combat | 4 5 6 |  6.9
Fighting       | 3 |  3.0
Dodging        | |  2.7

Action                   |  1- 3 |  4- 6 || total
-------------------------+-------+-------++-------
Melee: Unarmed           |    81 |   217 ||   298
       Punch             |       |     5 ||     5
Invok: Berserk           |     1 |     3 ||     4
       Trog's Hand       |       |     1 ||     1
Armor: Animal skin       |    56 |    40 ||    96
Dodge: Dodged            |    54 |    64 ||   118
